 Dungeon Crawl Stone Soup version 0.28-a0-1130-gc51a68064b (webtiles) character file.

Game seed: 17304226735564500627

14126 Armakuni the Basher (level 12, -1/97 HPs)
             Began as a Human Gladiator on Dec 12, 2021.
             Was a Believer of Elyvilon.
             Slain by Snorg (13 damage)
             ... on level 11 of the Dungeon.
             The game lasted 00:44:42 (14321 turns).

Armakuni the Basher (Human Gladiator)              Turns: 14321, Time: 00:44:43

Health: -1/97      AC: 12    Str: 21    XL:     12   Next: 41%
Magic:  13/19      EV: 12    Int: 16    God:    Elyvilon [**....]
Gold:   1136       SH:  0    Dex: 15    Spells: 2/11 levels left

rFire   . . .      SeeInvis .   a - +2 whip (elec)
rCold   . . .      Faith    .   (no shield)
rNeg    . . .      Spirit   .   s - +0 troll leather armour
rPois   .          Reflect  .   c - +0 helmet
rElec   +          Harm     .   w - +2 cloak of Fortitude {rElec Int+3}
rCorr   .          Rampage  .   x - +1 pair of gloves {hurl}
Will    .....                   r - +1 pair of boots
Stlth   +.........              R - amulet of regeneration
HPRegen 1.86/turn               S - +4 ring of slaying
MPRegen 0.16/turn               V - +6 ring of strength

@: very slightly contaminated
A: no striking features
a: Renounce Religion, Purification, Heal Other


You were on level 11 of the Dungeon.
You worshipped Elyvilon.
Elyvilon was pleased with you.
You visited 2 branches of the dungeon, and saw 12 of its levels.
You also visited: Bailey.

You collected 1436 gold pieces.
You spent 300 gold pieces at shops.

Inventory:

Hand Weapons
 a - a +2 whip of electrocution (weapon)
 b - a +1 whip of venom
 j - a +3 flail
Missiles
 l - 34 poisoned darts (quivered)
 A - a curare-tipped dart
 F - 2 javelins
Armour
 c - a +0 helmet (worn)
 n - a +2 chain mail of fire resistance
 r - a +1 pair of boots (worn)
 s - a +0 troll leather armour (worn)
 w - the +2 cloak of Fortitude (worn) {rElec Int+3}
   (You bought it in a shop on level 3 of the Dungeon)

   Int:       It affects your intelligence (+3).
   rElec:     It insulates you from electricity.
 x - a +1 pair of gloves of hurling (worn)
 B - a +2 plate armour of cold resistance
Magical Staves
 e - a staff of cold
Jewellery
 H - an amulet of reflection
 R - an amulet of regeneration (around neck)
 S - a +4 ring of slaying (left hand)
 U - an amulet of faith
 V - a +6 ring of strength (right hand)
 W - a ring of wizardry
Wands
 k - a wand of digging (6)
 q - a wand of acid (7)
 v - a wand of flame (11)
 C - a wand of charming (4)
Scrolls
 d - 2 scrolls of enchant armour
 h - 2 scrolls of teleportation
 m - 2 scrolls of vulnerability
 o - 2 scrolls of fog
 u - 2 scrolls of noise
 y - a scroll of identify
 D - a scroll of magic mapping
 E - a scroll of immolation
Potions
 f - a potion of mutation
 g - a potion of ambrosia
 i - 3 potions of cancellation
 t - a potion of magic {unknown}


   Skills:
 - Level 10.0 Fighting
 + Level 10.5(12.2) Maces & Flails
 - Level 10.0(12.0) Staves
 - Level 2.0 Throwing
 - Level 3.0 Dodging
 - Level 10.0 Invocations


You had 2 spell levels left.
You knew the following spells:

 Your Spells              Type           Power      Damage    Failure   Level
a - Manifold Assault      Tloc           0%         N/A       100%        5
b - Blink                 Tloc           0%         N/A       41%         2
w - Wereblood             Tmut           0%         N/A       41%         2

Your spell library contained the following spells:

 Spells                   Type           Power      Damage    Failure   Level
 Beastly Appendage        Tmut           0%         N/A       28%         1
 Slow                     Hex            0%         N/A       28%         1
 Confusing Touch          Hex            0%         N/A       65%         3
 Frozen Ramparts          Ice            0%         1d2       65%         3
 Lesser Beckoning         Tloc           0%         N/A       65%         3
 Spider Form              Tmut/Pois      0%         N/A       65%         3
 Ice Form                 Ice/Tmut       0%         N/A       96%         4
 Summon Ice Beast         Ice/Summ       0%         N/A       96%         4
 Iskenderun's Battlesphe  Conj           0%         2d6       100%        5
 Yara's Violent Unravell  Hex/Tmut       0%         3d3       100%        5
 Iron Shot                Conj/Erth      0%         9d1       100%        6
 Spellforged Servitor     Conj/Summ      0%         N/A       100%        7


Dungeon Overview and Level Annotations

Branches:
Dungeon (11/15)            Temple (1/1) D:5            Lair (0/6) D:8
    Orc (0/2) D:11         Bailey (visited)

Altars:
Ashenzari
Cheibriados
Dithmenos
Elyvilon
Fedhas
Gozag
Hepliaklqana
Kikubaaqudgha
Makhleb
Nemelex Xobeh
Okawaru
Qazlal
Ru
Sif Muna
Trog
Uskayaw
Vehumet
Wu Jian
Xom
Yredelemnul
Zin
The Shining One

Shops:
D:3 !?([:   D:6 *   D:8 *

Annotations:
D:11 Snorg


Message History

Snorg claws you but does no damage. Snorg barely misses you. x2
Snorg closely misses you.
Casting: Blink (dangerous; 41% risk of failure)
Confirm with . or Enter, or press ? or * to list all spells.
You cannot blink because you are magically locked down.
Unknown command.
Okay, then.
Unknown command.
Press: ? - help, Dir - move target, f - Snorg Heal: Snorg (heavily wounded, berserk, covered in acid, chance to pacify: 11%)
Okay, then.
Okay, then.
Unknown command.
Okay, then.
You are healed.
You are no longer locked in place.
Snorg bites you!! Elyvilon protects you from harm! Snorg claws you.
* * * LOW HITPOINT WARNING * * *
Snorg misses you.
You are healed.
You can no longer provide healing for yourself.
Snorg bites you! Snorg barely misses you. Snorg claws you! Snorg bites you!
* * * LOW HITPOINT WARNING * * *
Snorg closely misses you. Snorg claws you!
* * * LOW HITPOINT WARNING * * *
Okay, then.
Unknown command.
Okay, then.
You feel better. Snorg barely misses you. Snorg claws you.
* * * LOW HITPOINT WARNING * * *
Snorg claws you.
* * * LOW HITPOINT WARNING * * *
Aiming: Corrosive Bolt
Press: ? - help, Shift-Dir - straight line The bolt of acid hits Snorg!
Snorg seems to be corroded for longer.
Snorg is severely wounded.
Snorg bites you!
You die...

.#..# ..# #..##..#
###8.##..#
#........#
#........#
#........#
#........#
##........########
...............T@#
..........########
..............T.
###.............
#.............
#.............
#(............
#.............
#.............


You could see Snorg (berserk, corroded).

Vanquished Creatures
  Fannar (D:9)
  A boulder beetle (D:7)
  2 orc knights (Bailey)
  An ugly thing (D:11)
  An unseen horror (D:11)
  A komodo dragon (D:11)
  2 trolls
  Prince Ribbit (D:6)
  Sigmund (D:5)
  A shadow (D:11)
  A wraith (D:8)
  7 yaks
  Grum (D:10)
  An acid dragon (D:9)
  A water moccasin (D:8)
  A hornet zombie (D:9)
  6 ice beasts
  16 orc warriors
  2 sky beasts (D:6)
  3 wolves (D:10)
  3 ogres
  The ghost of qborf the Conjurer, an amateur HuCj (D:3)
  5 centaurs
  8 kobold brigands
  A bullfrog (D:5)
  4 scorpions
  A gnoll sergeant (D:10)
  A wyvern skeleton (D:7)
  9 killer bees
  5 wights (D:10)
  2 electric eels (D:10)
  6 howler monkeys
  2 jellies
  A bullfrog zombie (D:6)
  3 gnoll shamans
  3 centaur zombies
  3 hounds
  3 iguanas
  5 orc priests
  Crazy Yiuf (D:7)
  Terence (D:2)
  8 orc wizards
  Ijyb (D:5)
  A hound skeleton (D:4)
  A howler monkey zombie (D:7)
  38 gnolls
  6 adders
  2 white imps
  An ufetubus (D:6)
  An adder skeleton (D:4)
  A worm (D:10)
  2 dart slugs
  43 orcs
  10 ball pythons
  6 endoplasms
  2 giant cockroaches
  8 goblins
  12 hobgoblins
  3 quokkas
  3 bats (D:1)
  5 frilled lizards
  41 kobolds
  5 rats
319 creatures vanquished.

Vanquished Creatures (others)
  A wyvern (D:8)
  A basilisk (D:8)
  4 yaks (D:8)
  A water moccasin (D:8)
  2 killer bees (D:8)
  8 fungi
  15 plants (D:8)
32 creatures vanquished.

Grand Total: 351 creatures vanquished

Notes
Turn   | Place    | Note
-------+----------+-------------------------------------------
     0 | D:1      | Armakuni the Human Gladiator began the quest for the Orb.
     0 | D:1      | Reached XP level 1. HP: 16/16 MP: 1/1
   405 | D:1      | Reached XP level 2. HP: 21/22 MP: 2/2
  1174 | D:1      | Reached XP level 3. HP: 28/28 MP: 3/3
  1740 | D:2      | Reached XP level 4. HP: 33/35 MP: 4/4
  1760 | D:2      | Noticed Terence
  1782 | D:2      | Killed Terence
  2540 | D:3      | Found Symyosof's Magic Scroll Shop.
  2548 | D:3      | Bought a scroll of fog for 22 gold pieces
  2548 | D:3      | Bought a scroll of identify for 22 gold pieces
  2578 | D:3      | Found Neass's Distillery.
  2603 | D:3      | Found Ofoobriu's Antique Weapon Shoppe.
  2654 | D:3      | Found Tibif's Antique Armour Shoppe.
  2701 | D:3      | Reached XP level 5. HP: 18/42 MP: 5/5
  3010 | D:3      | Found Panualust's Book Boutique.
  3395 | D:3      | Found a runed translucent door.
  3396 | D:3      | Noticed qborf's ghost (amateur HuCj)
  3665 | D:3      | Killed qborf's ghost
  3666 | D:3      | Reached skill level 5 in Maces & Flails
  3666 | D:3      | Reached XP level 6. HP: 25/49 MP: 6/6
  3882 | D:4      | Learned a level 2 spell: Blink
  3958 | D:4      | Noticed an ice beast
  3981 | D:4      | Killed an ice beast
  3982 | D:4      | Reached skill level 5 in Fighting
  4001 | D:4      | Reached XP level 7. HP: 41/56 MP: 7/7
  5069 | D:5      | Entered Level 5 of the Dungeon
  5069 | D:5      | Noticed Sigmund
  5072 | D:5      | Noticed Ijyb
  5086 | D:5      | Killed Sigmund
  5095 | D:5      | Killed Ijyb
  5106 | D:5      | Identified the +1 short sword of the Reaper {freeze,
                  | Fragile Str+2 Dex+5 Stlth+}
  5175 | D:5      | Reached XP level 8. HP: 57/64 MP: 8/8
  5756 | D:5      | Found a staircase to the Ecumenical Temple.
  5765 | Temple   | Entered the Ecumenical Temple
  5852 | Temple   | Became a worshipper of Elyvilon the Healer
  6305 | D:6      | Reached XP level 9. HP: 72/72 MP: 9/9
  6455 | D:6      | Reached * piety under Elyvilon
  6744 | D:6      | Learned a level 5 spell: Manifold Assault
  7201 | D:6      | Found Urphuh Gurph's Elemental Accessories.
  7208 | D:6      | Reached ** piety under Elyvilon
  7818 | D:7      | Noticed Prince Ribbit
  7833 | D:6      | Killed Prince Ribbit
  7834 | D:6      | Reached skill level 1 in Staves
  8617 | D:7      | Reached *** piety under Elyvilon
  8700 | D:7      | Reached XP level 10. HP: 59/84 MP: 3/10
  9288 | D:3      | Bought a twisted cloak for 256 gold pieces
  9288 | D:3      | Identified the +2 cloak of Fortitude {rElec Int+3} (You
                  | bought it in a shop on level 3 of the Dungeon)
  9488 | D:7      | Noticed a boulder beetle
  9502 | D:7      | Killed a boulder beetle
  9503 | D:7      | Reached skill level 10 in Fighting
  9503 | D:7      | Reached skill level 5 in Staves
  9806 | D:7      | Found a runed translucent door.
  9807 | D:7      | Noticed Crazy Yiuf
  9828 | D:7      | Killed Crazy Yiuf
 10179 | D:8      | Reached skill level 5 in Invocations
 10236 | D:8      | Found a staircase to the Lair.
 10325 | D:8      | Learned a level 2 spell: Wereblood
 10507 | D:8      | Found Lowos's Island Escapes.
 10840 | D:8      | Paralysed by a gnoll sergeant for 6 turns
 10850 | D:8      | Reached XP level 11. HP: 31/90 MP: 10/15
 11826 | D:9      | Found a flagged portal.
 11838 | Bailey   | Entered a bailey
 11851 | Bailey   | Noticed an orc knight
 11907 | Bailey   | Killed an orc knight
 12039 | Bailey   | Noticed an orc knight
 12066 | Bailey   | Killed an orc knight
 12711 | D:10     | Entered Level 10 of the Dungeon
 12759 | D:10     | Noticed Grum
 12772 | D:10     | Killed Grum
 12825 | D:10     | Found a snail-covered altar of Cheibriados.
 12856 | D:10     | Noticed Fannar
 12983 | D:9      | Killed Fannar
 13091 | D:10     | Reached XP level 12. HP: 97/97 MP: 18/18
 13114 | D:10     | Reached skill level 10 in Maces & Flails
 13826 | D:11     | Found a staircase to the Orcish Mines.
 14274 | D:11     | Reached skill level 10 in Invocations
 14293 | D:11     | Noticed Snorg
 14309 | D:11     | Reached skill level 10 in Staves
 14318 | D:11     | Elyvilon protects you from harm!
 14321 | D:11     | Slain by Snorg

Illustrated notes

Levels and vault maps discovered:
D:1:      dpeg_arrival_signposts, layout_loops_cross, serial_aquarium,
          aquarium_bridge_square [aquarium_subvault_bridge,
          aquarium_subvault_balcony, aquarium_subvault_bridge,
          aquarium_subvault_wall], aquarium_bridge_square
          [aquarium_subvault_bridge, aquarium_subvault_bridge,
          aquarium_subvault_wall, aquarium_subvault_bridge], aquarium_window_1,
          aquarium_window_corner, aquarium_window_double, aquarium_view_2b,
          aquarium_view_2d
D:2:      layout_basic, uniq_terence
D:3:      layout_loops_cross, serial_shops, nicolae_shop_behind_doors, shop,
          shop, shop, nicolae_shop_hallway_stairs,
          ebering_ghost_reflecting_pool, serial_rivers,
          chequers_serial_rivers_small_b, chequers_serial_rivers_room_a,
          chequers_serial_rivers_room_a, chequers_serial_rivers_small_a
D:4:      cheibrodos_pilgrimage, layout_loops_ring, serial_co_window_serial,
          co_window_paths_a, co_window_of_opportunity_a, co_window_paths_a,
          co_window_corner_a, co_window_paths_a, co_window_unsneaky_path_e,
          co_window_2corner, co_window_unsneaky_path_d, co_window_sun,
          co_window_4corner_a, glass_columns_b, glass_columns_b
D:5:      layout_cave_pools, minmay_temple_entry_drinking_statues, uniq_sigmund,
          uniq_ijyb
D:6:      layout_layer_cave, nicolae_elemental_shop,
          corexii_item_surrounded_by_moat
D:7:      layout_layer_cave, corexii_leaking_fountain, uniq_crazy_yiuf_cottage,
          uniq_prince_ribbit1
D:8:      layout_loops_ring, minmay_lair_entry_grove, nicolae_island_escapes
D:9:      layout_cave_pools, lightli_bailey_entry_fortress
D:10:     layout_basic, slow_altar_1, uniq_grum, uniq_fannar
D:11:     layout_long_grid, david_orc_2, biasface_ghost_orc_armoury, uniq_snorg
Temple:   dpeg_three_leaves_temple

Skill      XL: |  1  2  3  4  5  6  7  8  9 10 11 12 |
---------------+-------------------------------------+-----
Fighting       | 3 4 5 6 7 9 10 | 10.0
Maces & Flails | 4 5 6 7 8 9 10 | 10.5
Staves         | 3 6 9 10 | 10.0
Invocations    | 6 9 10 | 10.0
Throwing       | |  2.0
Dodging        | |  3.0

Action                   |  1- 3 |  4- 6 |  7- 9 | 10-12 || total
-------------------------+-------+-------+-------+-------++-------
Melee: Flail             |    56 |    15 |    64 |   191 ||   326
       Dagger            |    56 |    77 |   207 |    42 ||   382
       Whip              |       |       |       |   324 ||   324
       Trident           |       |       |       |    15 ||    15
Throw: Throwing net      |     1 |     1 |       |     5 ||     7
       Dart              |       |       |       |    79 ||    79
 Cast: Blink             |       |       |     1 |     3 ||     4
Invok: Purification      |       |       |     2 |     4 ||     6
       Heal Other        |       |       |       |    18 ||    18
       Heal Self         |       |       |       |     2 ||     2
Evoke: Wand              |       |       |     1 |    12 ||    13
  Use: Scroll            |       |     3 |     5 |     5 ||    13
       Potion            |       |     2 |     4 |     6 ||    12
 Stab: Sleeping          |     1 |       |       |       ||     1
       Held in net/web   |     1 |     1 |       |     1 ||     3
       Invisible         |       |     1 |       |       ||     1
Armor: Leather armour    |    29 |       |       |       ||    29
       Scale mail        |       |    18 |   156 |    91 ||   265
       Troll leather arm |       |       |       |   104 ||   104
Dodge: Dodged            |    71 |    24 |   180 |   275 ||   550
Block: Other             |       |    10 |    43 |    24 ||    77
       Reflection        |       |       |       |     3 ||     3

Table legend: (Time is in decaauts)
 A = Elapsed time spent in this place.
 B = Non-inter-level travel time spent in this place.
 C = Inter-level travel time spent in this place.
 D = Time resting spent in this place.
 E = Time spent auto-exploring this place.
 F = Levels seen in this place.
 G = Mean time per level.
                   A        B        C        D        E       F      G
               +--------+--------+--------+--------+--------+-----+--------+
         Total |  14158 |  13568 |    590 |   1774 |   8575 |  13 | 1089.1 |
       Dungeon |  13638 |  13056 |    582 |   1712 |   8486 |  11 | 1239.8 |
        Temple |     96 |     88 |      8 |      0 |     55 |   1 |   96.0 |
        Bailey |    422 |    422 |      0 |     62 |     34 |   1 |  422.0 |
               +--------+--------+--------+--------+--------+-----+--------+

Top non-repeatable levels by time:
     D:6: 2012 daAuts
     D:7: 1689 daAuts
     D:1: 1500 daAuts
     D:8: 1435 daAuts
     D:3: 1367 daAuts
     D:4: 1306 daAuts
     D:5: 1048 daAuts
    D:10: 996 daAuts
     D:2: 992 daAuts
     D:9: 875 daAuts
  Bailey: 422 daAuts
    D:11: 415 daAuts
  Temple: 96 daAuts
